Blues vs Capitals

Created - December 16, 2024 at 20:11

Goals
1 2 3 OT1 T
Blues 0 2 0 0 2
Capitals 1 1 0 1 3
Shots
1 2 3 OT1 T
Blues 13 8 8 1 30
Capitals 11 10 6 1 28

1st period

1. Capitals , Bobby Ryan 4 (Marko Dano 10, Shea Theodore 7) at 10:46 (PP)

Penalties :
Jujhar Khaira (Stl) for Tripping (Minor) at 10:09

2nd period

2. Blues , Jordan Kyrou 2 (Travis Sanheim 4) at 1:12
3. Capitals , Jeff Skinner 3 (Alexei Marchenko 6, Brandon Gormley 11) at 11:40
4. Blues , Jujhar Khaira 6 (Cody Ceci 3, Teuvo Teravainen 13) at 15:40

Penalties :
Nikolaj Ehlers (Stl) for Slashing (Minor) at 16:04

3rd period

No Goal

Penalties :
Teuvo Teravainen (Stl) for Tripping (Minor) at 0:45

Overtime #1

5. Capitals , Patrick Kane 14 (Brandon Gormley 12, Taylor Hall 11) at 1:17

Penalties :
No Penalty

Goalie Stats

Jake Oettinger (Stl), 25 saves from 28 shots - (0.893), OTL, 1-2-2, 61:17 minutes
Cory Schneider (Was), 28 saves from 30 shots - (0.933), W, 9-9-2, 61:17 minutes

Players Stats for Blues

Player Name              G  A  P  +/- PIM S  H  SB GA TA FO     MP     PP MP  PK MP  
------------------------------------------------------------------------------------
Adam Henrique            0  0  0  -1  0   1  1  0  0  0  6/8    12:04   0:00   0:20 
Brandon Montour          0  0  0   0  0   0  1  2  0  1  0/0    18:34   0:00   3:09 
Cody Ceci                0  1  1   1  0   1  0  1  0  0  0/0    27:16   0:00   3:09 
David Perron             0  0  0  -1  0   0  3  1  2  0  0/0    12:25   0:00   0:27 
Devin Shore              0  0  0   1  0   3  2  1  0  0  8/12   17:55   0:00   1:17 
Dominik Simon            0  0  0   1  0   1  1  0  0  0  0/0     7:11   0:00   0:00 
Drew Shore               0  0  0   1  0   1  2  0  0  0  3/5    10:00   0:00   2:35 
Ethan Bear               0  0  0   0  0   0  1  1  0  1  0/0    15:00   0:00   0:00 
Filip Forsberg           0  0  0  -1  0   1  1  1  0  0  1/1    21:44   0:00   1:12 
Jordan Kyrou             1  0  1   1  0   2  2  0  1  0  0/0     7:25   0:00   0:00 
Josh Morrissey           0  0  0   1  0   1  2  1  0  0  0/0    21:18   0:00   1:26 
Jujhar Khaira            1  0  1   1  2   4  1  0  0  1  1/1    16:22   0:00   0:00 
Nathan MacKinnon         0  0  0  -1  0   4  1  0  0  1  13/29  20:32   0:00   0:00 
Nick Schmaltz            0  0  0  -1  0   0  2  0  1  0  1/3    14:34   0:00   2:43 
Nikolaj Ehlers           0  0  0   0  2   0  0  0  1  0  0/1    20:16   0:00   0:00 
Seth Jones               0  0  0  -1  0   3  0  0  0  1  0/0    24:09   0:00   1:26 
Teuvo Teravainen         0  1  1   1  2   7  0  0  3  0  0/1    17:28   0:00   0:36 
Travis Sanheim           0  1  1   0  0   1  2  0  1  0  0/0    14:59   0:00   0:00 

Players Stats for Capitals

Player Name              G  A  P  +/- PIM S  H  SB GA TA FO     MP     PP MP  PK MP  
------------------------------------------------------------------------------------
Alexei Marchenko         0  1  1   1  0   1  0  3  0  0  0/0    26:48   2:17   0:00 
Blake Pietila            0  0  0   0  0   6  1  0  1  0  0/1    13:19   0:00   0:00 
Bobby Ryan               1  0  1  -1  0   2  4  0  0  1  1/2    17:31   2:07   0:00 
Brandon Burlon           0  0  0   0  0   1  2  1  0  0  0/0    13:57   0:00   0:00 
Brandon Gormley          0  2  2   0  0   1  1  1  0  1  0/0    27:41   2:17   0:00 
Cody Hodgson             0  0  0   0  0   3  0  1  1  0  3/7    14:58   2:07   0:00 
Colten Teubert           0  0  0   0  0   0  3  1  0  0  0/0    13:57   0:00   0:00 
Jeff Skinner             1  0  1   0  0   4  1  0  0  0  0/1     8:38   0:00   0:00 
Joe Colborne             0  0  0  -1  0   1  0  0  0  2  2/12   15:44   0:00   0:00 
Marko Dano               0  1  1  -1  0   1  4  0  1  1  0/0    18:02   2:07   0:00 
Mike Green               0  0  0  -1  0   1  0  1  1  1  0/0    19:27   2:18   0:00 
Nicklas Backstrom        0  0  0   0  0   0  1  0  0  1  17/31  21:17   2:28   0:00 
Nicolas Aube-Kubel       0  0  0   0  0   2  1  0  1  0  0/0    13:11   0:00   0:00 
Patrick Kane             1  0  1   1  0   1  1  2  0  0  0/1    21:45   2:28   0:00 
Phil Kessel              0  0  0   0  0   0  0  0  0  0  0/0     8:20   0:00   0:00 
Sergey Kalinin           0  0  0   0  0   0  2  0  0  0  2/2     8:20   0:00   0:00 
Shea Theodore            0  1  1  -1  0   2  0  1  0  1  0/0    19:27   2:18   0:00 
Taylor Hall              0  1  1   1  0   2  1  1  0  1  3/4    21:29   2:28   0:00 

3 Stars

1 - Patrick Kane (Was)
2 - Jordan Kyrou (Stl)
3 - Bobby Ryan (Was)

Power Play

Blues - 0 on 0 Attempt(s) - 0.00%
Capitals - 1 on 4 Attempt(s) - 25.00%

Penalty Kill

Blues - 3 on 4 Attempt(s) - 75.00% - Score 0 goal in Penalty Kill
Capitals - 0 on 0 Attempt(s) - 0.00% - Score 0 goal in Penalty Kill

Team Stat

Blues - Hits : 22 - Faceoff Wins : 33 - Blocked Shots : 8 - Penalty Minutes : 6
Capitals - Hits : 22 - Faceoff Wins : 28 - Blocked Shots : 12 - Penalty Minutes : 0

Official

Referees : Tom Chmielewski and Dan O'Rourke
Linesman : Derek Nansen and Scott Cherrey

Game Notes

6:53 of 1st period - Penalty Shot by David Perron for Blues - Stopped by Cory Schneider

Finance

Level 1 -- Attendance: 5815 (96.92%) -- Ticket Income $581,500
Level 2 -- Attendance: 4420 (88.40%) -- Ticket Income $309,400
Level 3 -- Attendance: 1837 (91.85%) -- Ticket Income $73,480
Level 4 -- Attendance: 4000 (100.00%) -- Ticket Income $120,000
Luxury Box -- Attendance: 1000 (100.00%) -- Ticket Income $200,000
Game was played at the Capital One Arena.
Total Attendance: 17072 (94.84%)
Total Ticket Income: $1,284,380
Other Income: $192,657
Total Income: $1,477,037

Blues

5 vs 5 Forward 
   Center                   Left Wing                Right Wing               Time % Phy DF OF 
 1 Nathan MacKinnon         Filip Forsberg           Nikolaj Ehlers           40     0   2  3  
 2 Devin Shore              Jujhar Khaira            Teuvo Teravainen         30     0   2  3  
 3 Adam Henrique            David Perron             Nick Schmaltz            20     1   2  2  
 4 Drew Shore               Dominik Simon            Jordan Kyrou             10     0   3  2  

5 vs 5 Defense 
   Defense                  Defense                                           Time % Phy DF OF 
 1 Seth Jones               Cody Ceci                                         40     1   2  2  
 2 Josh Morrissey           Brandon Montour                                   30     1   2  2  
 3 Ethan Bear               Travis Sanheim                                    20     1   2  2  
 4 Josh Morrissey           Cody Ceci                                         10     1   2  2  

PowerPlay Forward 
   Center                   Left Wing                Right Wing               Time % Phy DF OF 
 1 Nathan MacKinnon         Filip Forsberg           Teuvo Teravainen         60     0   2  3  
 2 Adam Henrique            David Perron             Nikolaj Ehlers           40     0   2  3  

PowerPlay Defense
   Defense                  Defense                                           Time % Phy DF OF 
 1 Seth Jones               Ethan Bear                                        60     0   2  3  
 2 Josh Morrissey           Travis Sanheim                                    40     0   2  3  

Penalty Kill 4 Players Forward 
   Center                   Wing                     Time % Phy DF OF 
 1 Drew Shore               Nick Schmaltz            60     1   3  1  
 2 Devin Shore              Teuvo Teravainen         40     1   3  1  

Penalty Kill 4 Players Defense
   Defense                  Defense                  Time % Phy DF OF 
 1 Brandon Montour          Cody Ceci                60     1   2  2  
 2 Josh Morrissey           Seth Jones               40     1   2  2  

Penalty Kill - 3 Players Forward 
   Forward                                           Time % Phy DF OF 
 1 Drew Shore                                        60     1   2  2  
 2 Devin Shore                                       40     1   2  2  

Penalty Kill - 3 Players Defense
   Defense                  Defense                  Time % Phy DF OF 
 1 Cody Ceci                Brandon Montour          60     1   2  2  
 2 Seth Jones               Josh Morrissey           40     1   2  2  

4 vs 4 Forward 
   Center                   Wing                     Time % Phy DF OF 
 1 Nathan MacKinnon         Filip Forsberg           60     1   2  2  
 2 Devin Shore              Nikolaj Ehlers           40     1   2  2  

4 vs 4 Defense
   Defense                  Defense                  Time % Phy DF OF 
 1 Seth Jones               Brandon Montour          60     1   2  2  
 2 Cody Ceci                Josh Morrissey           40     1   2  2  

Last Minutes Offensive
   Center                   Left Wing                Right Wing               Defense                  Defense                  
   Nathan MacKinnon         Filip Forsberg           Nikolaj Ehlers           Seth Jones               Travis Sanheim           

Last Minutes Defensive
   Center                   Left Wing                Right Wing               Defense                  Defense                  
   Drew Shore               Jujhar Khaira            Teuvo Teravainen         Brandon Montour          Cody Ceci                

Goaltenders
Starting : Jake Oettinger           
Backup : Carey Price              

Extra Forwards
Normal : Jordan Kyrou, Nikolaj Ehlers, Drew Shore - PP : David Perron, Teuvo Teravainen - PK : Filip Forsberg
Extra Defensemen
Normal : Cody Ceci, Travis Sanheim, Seth Jones - PP : Cody Ceci - PK : Seth Jones, Travis Sanheim
Penalty Shots
Jordan Kyrou, David Perron, Filip Forsberg, Teuvo Teravainen, Devin Shore
Custom OT Lines Forwards
Filip Forsberg, Nathan MacKinnon, Teuvo Teravainen, Nikolaj Ehlers, David Perron, Devin Shore, Adam Henrique, Jujhar Khaira, Drew Shore, Nick Schmaltz
Custom OT Lines Defensemen
Seth Jones, Josh Morrissey, Brandon Montour, Travis Sanheim, Cody Ceci

Scratches
Petter Granberg (Healthy), Luke Glendening (Healthy)

Capitals

5 vs 5 Forward 
   Center                   Left Wing                Right Wing               Time % Phy DF OF 
 1 Nicklas Backstrom        Taylor Hall              Patrick Kane             40     0   1  4  
 2 Joe Colborne             Marko Dano               Bobby Ryan               30     0   1  4  
 3 Cody Hodgson             Blake Pietila            Nicolas Aube-Kubel       20     0   1  4  
 4 Sergey Kalinin           Jeff Skinner             Phil Kessel              10     0   2  3  

5 vs 5 Defense 
   Defense                  Defense                                           Time % Phy DF OF 
 1 Brandon Gormley          Alexei Marchenko                                  40     0   3  2  
 2 Mike Green               Shea Theodore                                     30     0   3  2  
 3 Colten Teubert           Brandon Burlon                                    20     0   3  2  
 4 Brandon Gormley          Alexei Marchenko                                  10     0   3  2  

PowerPlay Forward 
   Center                   Left Wing                Right Wing               Time % Phy DF OF 
 1 Nicklas Backstrom        Taylor Hall              Patrick Kane             60     0   0  5  
 2 Cody Hodgson             Marko Dano               Bobby Ryan               40     0   0  5  

PowerPlay Defense
   Defense                  Defense                                           Time % Phy DF OF 
 1 Brandon Gormley          Alexei Marchenko                                  60     0   2  3  
 2 Mike Green               Shea Theodore                                     40     0   2  3  

Penalty Kill 4 Players Forward 
   Center                   Wing                     Time % Phy DF OF 
 1 Patrick Kane             Taylor Hall              60     0   4  1  
 2 Nicklas Backstrom        Marko Dano               40     0   4  1  

Penalty Kill 4 Players Defense
   Defense                  Defense                  Time % Phy DF OF 
 1 Brandon Gormley          Alexei Marchenko         60     0   4  1  
 2 Mike Green               Shea Theodore            40     0   4  1  

Penalty Kill - 3 Players Forward 
   Forward                                           Time % Phy DF OF 
 1 Patrick Kane                                      60     0   5  0  
 2 Taylor Hall                                       40     0   5  0  

Penalty Kill - 3 Players Defense
   Defense                  Defense                  Time % Phy DF OF 
 1 Brandon Gormley          Alexei Marchenko         60     0   5  0  
 2 Mike Green               Shea Theodore            40     0   5  0  

4 vs 4 Forward 
   Center                   Wing                     Time % Phy DF OF 
 1 Patrick Kane             Taylor Hall              60     0   1  4  
 2 Nicklas Backstrom        Marko Dano               40     0   1  4  

4 vs 4 Defense
   Defense                  Defense                  Time % Phy DF OF 
 1 Brandon Gormley          Alexei Marchenko         60     0   3  2  
 2 Mike Green               Shea Theodore            40     0   3  2  

Last Minutes Offensive
   Center                   Left Wing                Right Wing               Defense                  Defense                  
   Nicklas Backstrom        Taylor Hall              Patrick Kane             Brandon Gormley          Alexei Marchenko         

Last Minutes Defensive
   Center                   Left Wing                Right Wing               Defense                  Defense                  
   Nicklas Backstrom        Taylor Hall              Patrick Kane             Brandon Gormley          Alexei Marchenko         

Goaltenders
Starting : Cory Schneider           
Backup : Chet Pickard             

Extra Forwards
Normal : Taylor Hall, Patrick Kane, Marko Dano - PP : Taylor Hall, Patrick Kane - PK : Patrick Kane
Extra Defensemen
Normal : Brandon Gormley, Shea Theodore, Alexei Marchenko - PP : Shea Theodore - PK : Alexei Marchenko, Brandon Gormley
Penalty Shots
Patrick Kane, Taylor Hall, Nicklas Backstrom, Marko Dano, Jeff Skinner
Custom OT Lines Forwards
Patrick Kane, Taylor Hall, Nicklas Backstrom, Marko Dano, Jeff Skinner, Cody Hodgson, Blake Pietila, Bobby Ryan, Joe Colborne, Nicolas Aube-Kubel
Custom OT Lines Defensemen
Brandon Gormley, Alexei Marchenko, Mike Green, Shea Theodore, Colten Teubert

Scratches
None


% Time on Ice - Blues

Lines # - Real PCT - Wanted PCT - Time Play
Normal Forward
1 - 37% - 40% - 20:15
2 - 30% - 30% - 16:23
3 - 21% - 20% - 11:36
4 - 13% - 10% - 7:11
Normal Defense
1 - 38% - 40% - 21:02
2 - 29% - 30% - 16:18
3 - 27% - 20% - 15:00
4 - 6% - 10% - 3:05
PP Forward
1 - 0% - 60%
2 - 0% - 40%
PP Defense
1 - 0% - 60%
2 - 0% - 40%
PK Forward
1 - 72% - 60% - 3:18
2 - 28% - 40% - 1:17
PK Defense
1 - 69% - 60% - 3:09
2 - 31% - 40% - 1:26
PK3 Forward
1 - 0% - 60%
2 - 0% - 40%
PK3 Defense
1 - 0% - 60%
2 - 0% - 40%
44 Forward
1 - 0% - 60%
2 - 0% - 40%
44 Defense
1 - 0% - 60%
2 - 0% - 40%
Last Minute Offensive  - 0:00
Last Minute Defensive  - 0:00
Total
Forward - 60:00
Defense - 60:00

% Time on Ice - Capitals

Lines # - Real PCT - Wanted PCT - Time Play
Normal Forward
1 - 33% - 40% - 18:30
2 - 28% - 30% - 15:44
3 - 23% - 20% - 12:51
4 - 15% - 10% - 8:20
Normal Defense
1 - 38% - 40% - 21:09
2 - 31% - 30% - 17:09
3 - 25% - 20% - 13:57
4 - 6% - 10% - 3:10
PP Forward
1 - 54% - 60% - 2:28
2 - 46% - 40% - 2:07
PP Defense
1 - 50% - 60% - 2:17
2 - 50% - 40% - 2:18
PK Forward
1 - 0% - 60%
2 - 0% - 40%
PK Defense
1 - 0% - 60%
2 - 0% - 40%
PK3 Forward
1 - 0% - 60%
2 - 0% - 40%
PK3 Defense
1 - 0% - 60%
2 - 0% - 40%
44 Forward
1 - 0% - 60%
2 - 0% - 40%
44 Defense
1 - 0% - 60%
2 - 0% - 40%
Last Minute Offensive  - 0:00
Last Minute Defensive  - 0:00
Total
Forward - 60:00
Defense - 60:00

Play-by-Play

1st period


0:01 of 1st period - Nicklas Backstrom wins face-off versus Nathan MacKinnon in neutral zone.
1:15 of 1st period - Slapshot by Shea Theodore.
1:15 of 1st period - Shot Blocked by Brandon Montour.
1:39 of 1st period - Snap shot by Nathan MacKinnon.
1:39 of 1st period - Shot Blocked by Colten Teubert.
1:41 of 1st period - Snap shot by Brandon Montour.
1:41 of 1st period - Shot Blocked by Brandon Burlon.
2:21 of 1st period - Wrist shot by Teuvo Teravainen.
2:21 of 1st period - Stopped by Cory Schneider without a rebound.
2:22 of 1st period - Nathan MacKinnon wins face-off versus Nicklas Backstrom in Capitals zone.
4:20 of 1st period - Snap shot by Cody Hodgson.
4:20 of 1st period - Stopped by Jake Oettinger without a rebound.
4:21 of 1st period - Nathan MacKinnon wins face-off versus Blake Pietila in Blues zone.
4:42 of 1st period - Slapshot by Blake Pietila.
4:42 of 1st period - Stopped by Jake Oettinger with a rebound.
4:52 of 1st period - Wrist shot by Blake Pietila.
4:52 of 1st period - Stopped by Jake Oettinger without a rebound.
4:53 of 1st period - Devin Shore wins face-off versus Nicklas Backstrom in Blues zone.
4:53 of 1st period - Devin Shore is hit by Patrick Kane.
5:01 of 1st period - Snap shot by Jujhar Khaira.
5:01 of 1st period - Stopped by Cory Schneider without a rebound.
5:02 of 1st period - Nicklas Backstrom wins face-off versus Teuvo Teravainen in Capitals zone.
5:09 of 1st period - Snap shot by Teuvo Teravainen.
5:09 of 1st period - Stopped by Cory Schneider with a rebound.
5:11 of 1st period - Snap shot by Teuvo Teravainen.
5:11 of 1st period - Deflect By Devin Shore.
5:11 of 1st period - Stopped by Cory Schneider with a rebound.
5:13 of 1st period - Snap shot by Teuvo Teravainen.
5:13 of 1st period - Stopped by Cory Schneider with a rebound.
5:51 of 1st period - Snap shot by Devin Shore.
5:51 of 1st period - Stopped by Cory Schneider without a rebound.
5:52 of 1st period - Adam Henrique wins face-off versus Bobby Ryan in Capitals zone.
6:46 of 1st period - Backhand shot by Jeff Skinner.
6:46 of 1st period - Stopped by Jake Oettinger without a rebound.
6:47 of 1st period - Sergey Kalinin wins face-off versus Adam Henrique in Blues zone.
6:53 of 1st period - Penalty Shot by David Perron for Blues.
6:53 of 1st period - Deke by David Perron.
6:53 of 1st period - Stopped by Cory Schneider.
6:54 of 1st period - Nathan MacKinnon wins face-off versus Joe Colborne in Blues zone.
7:05 of 1st period - Snap shot by Bobby Ryan.
7:05 of 1st period - Shot Blocked by Filip Forsberg.
7:07 of 1st period - Snap shot by Alexei Marchenko.
7:07 of 1st period - Stopped by Jake Oettinger without a rebound.
7:08 of 1st period - Filip Forsberg wins face-off versus Nicklas Backstrom in Blues zone.
7:14 of 1st period - Off-side.
7:15 of 1st period - Nicklas Backstrom wins face-off versus Nathan MacKinnon in neutral zone.
7:58 of 1st period - Wrist shot by Nathan MacKinnon.
7:58 of 1st period - Stopped by Cory Schneider without a rebound.
7:59 of 1st period - Adam Henrique wins face-off versus Joe Colborne in Capitals zone.
8:26 of 1st period - Travis Sanheim is hit by Jeff Skinner and loses puck.
8:33 of 1st period - Seth Jones is hit by Brandon Burlon and loses puck.
8:40 of 1st period - Brandon Burlon is hit by David Perron and loses puck.
9:50 of 1st period - Icing by Alexei Marchenko.
9:51 of 1st period - Jujhar Khaira wins face-off versus Joe Colborne in Capitals zone.
10:09 of 1st period - Minor Penalty to Jujhar Khaira for Tripping.
10:10 of 1st period - Nick Schmaltz wins face-off versus Nicklas Backstrom in Blues zone.
10:46 of 1st period - Snap shot by Bobby Ryan.
10:46 of 1st period - Goal by Bobby Ryan - Blues : 0 - Capitals : 1.
10:47 of 1st period - Taylor Hall wins face-off versus Nathan MacKinnon in neutral zone.
11:14 of 1st period - Teuvo Teravainen is hit by Bobby Ryan and loses puck.
11:39 of 1st period - Snap shot by Adam Henrique.
11:39 of 1st period - Stopped by Cory Schneider without a rebound.
11:40 of 1st period - Nathan MacKinnon wins face-off versus Cody Hodgson in Capitals zone.
11:49 of 1st period - Snap shot by Blake Pietila.
11:49 of 1st period - Stopped by Jake Oettinger with a rebound.
11:59 of 1st period - Backhand shot by Nicolas Aube-Kubel.
11:59 of 1st period - Shot Misses the Net.
12:01 of 1st period - Snap shot by Brandon Gormley.
12:01 of 1st period - Stopped by Jake Oettinger without a rebound.
12:02 of 1st period - Devin Shore wins face-off versus Nicklas Backstrom in Blues zone.
12:11 of 1st period - Slapshot by Teuvo Teravainen.
12:11 of 1st period - Stopped by Cory Schneider without a rebound.
12:12 of 1st period - Nicklas Backstrom wins face-off versus Devin Shore in Capitals zone.
12:17 of 1st period - Teuvo Teravainen is hit by Colten Teubert and loses puck.
12:44 of 1st period - Wrist shot by Teuvo Teravainen.
12:44 of 1st period - Stopped by Cory Schneider with a rebound.
13:14 of 1st period - Cody Ceci is hit by Nicklas Backstrom and loses puck.
13:19 of 1st period - Slapshot by Nicklas Backstrom.
13:19 of 1st period - Deflect By Taylor Hall.
13:19 of 1st period - Stopped by Jake Oettinger with a rebound.
13:21 of 1st period - Slapshot by Brandon Burlon.
13:21 of 1st period - Stopped by Jake Oettinger without a rebound.
13:22 of 1st period - Nathan MacKinnon wins face-off versus Joe Colborne in Blues zone.
13:22 of 1st period - Nathan MacKinnon is hit by Bobby Ryan.
13:49 of 1st period - Josh Morrissey is hit by Blake Pietila and loses puck.
13:58 of 1st period - Brandon Gormley is hit by Ethan Bear and loses puck.
14:11 of 1st period - Icing by Adam Henrique.
14:12 of 1st period - Sergey Kalinin wins face-off versus Drew Shore in Blues zone.
14:15 of 1st period - Slapshot by Phil Kessel.
14:15 of 1st period - Shot Misses the Net.
15:01 of 1st period - Icing by Blake Pietila.
15:02 of 1st period - Adam Henrique wins face-off versus Cody Hodgson in Capitals zone.
15:13 of 1st period - Adam Henrique is hit by Brandon Burlon and loses puck.
15:26 of 1st period - Brandon Montour is hit by Colten Teubert and loses puck.
15:37 of 1st period - Snap shot by Nicolas Aube-Kubel.
15:37 of 1st period - Shot Misses the Net.
16:34 of 1st period - Wrist shot by Taylor Hall.
16:34 of 1st period - Shot Misses the Net.
17:46 of 1st period - Brandon Gormley is hit by Dominik Simon.
17:50 of 1st period - Snap shot by Jordan Kyrou.
17:50 of 1st period - Stopped by Cory Schneider with a rebound.
18:43 of 1st period - Alexei Marchenko is hit by Drew Shore and loses puck.
18:53 of 1st period - Icing by Cody Ceci.
18:54 of 1st period - Drew Shore wins face-off versus Joe Colborne in Blues zone.
18:59 of 1st period - Wrist shot by Nathan MacKinnon.
18:59 of 1st period - Deflect By Filip Forsberg.
18:59 of 1st period - Stopped by Cory Schneider without a rebound.
19:00 of 1st period - Joe Colborne wins face-off versus Nathan MacKinnon in Capitals zone.
19:13 of 1st period - Snap shot by Joe Colborne.
19:13 of 1st period - Stopped by Jake Oettinger without a rebound.
19:14 of 1st period - Nathan MacKinnon wins face-off versus Nicklas Backstrom in Blues zone.
19:45 of 1st period - Slapshot by Seth Jones.
19:45 of 1st period - Stopped by Cory Schneider without a rebound.
19:46 of 1st period - Devin Shore wins face-off versus Joe Colborne in Capitals zone.
Goals for this period are 0 for Blues vs 1 for Capitals.
Shots for this period are 13 for Blues vs 11 for Capitals.

2nd period


0:01 of 2nd period - Taylor Hall wins face-off versus Nikolaj Ehlers in neutral zone.
1:07 of 2nd period - Phil Kessel is hit by Jordan Kyrou and loses puck.
1:12 of 2nd period - Wrist shot by Jordan Kyrou.
1:12 of 2nd period - Goal by Jordan Kyrou - Blues : 1 - Capitals : 1.
1:13 of 2nd period - Nicklas Backstrom wins face-off versus Nathan MacKinnon in neutral zone.
1:39 of 2nd period - Jujhar Khaira is hit by Marko Dano and loses puck.
1:46 of 2nd period - Snap shot by Bobby Ryan.
1:46 of 2nd period - Stopped by Jake Oettinger with a rebound.
2:04 of 2nd period - Slapshot by Seth Jones.
2:04 of 2nd period - Deflect By Adam Henrique.
2:04 of 2nd period - Shot Blocked by Alexei Marchenko.
2:04 of 2nd period - Puck is out of play.
2:05 of 2nd period - Nicklas Backstrom wins face-off versus Nick Schmaltz in Capitals zone.
2:05 of 2nd period - Nicklas Backstrom is hit by Adam Henrique.
2:57 of 2nd period - Blake Pietila is hit by Devin Shore.
3:08 of 2nd period - Snap shot by Blake Pietila.
3:08 of 2nd period - Shot Misses the Net.
4:29 of 2nd period - Snap shot by Cody Hodgson.
4:29 of 2nd period - Stopped by Jake Oettinger without a rebound.
4:30 of 2nd period - Cody Hodgson wins face-off versus Devin Shore in Blues zone.
4:43 of 2nd period - Slapshot by Blake Pietila.
4:43 of 2nd period - Stopped by Jake Oettinger with a rebound.
4:45 of 2nd period - Wrist shot by Cody Hodgson.
4:45 of 2nd period - Stopped by Jake Oettinger without a rebound.
4:46 of 2nd period - Nicklas Backstrom wins face-off versus Nathan MacKinnon in Blues zone.
4:53 of 2nd period - Wrist shot by Taylor Hall.
4:53 of 2nd period - Deflect By Patrick Kane.
4:53 of 2nd period - Shot Blocked by Cody Ceci.
4:53 of 2nd period - Puck is out of play.
4:54 of 2nd period - Nathan MacKinnon wins face-off versus Nicklas Backstrom in Blues zone.
5:05 of 2nd period - Wrist shot by Nathan MacKinnon.
5:05 of 2nd period - Stopped by Cory Schneider without a rebound.
5:06 of 2nd period - Nathan MacKinnon wins face-off versus Taylor Hall in Capitals zone.
5:09 of 2nd period - Wrist shot by Seth Jones.
5:09 of 2nd period - Stopped by Cory Schneider with a rebound.
5:11 of 2nd period - Slapshot by Cody Ceci.
5:11 of 2nd period - Shot Blocked by Brandon Gormley.
5:44 of 2nd period - Snap shot by Joe Colborne.
5:44 of 2nd period - Deflect By Marko Dano.
5:44 of 2nd period - Shot Misses the Net.
5:44 of 2nd period - Puck is out of play.
5:45 of 2nd period - Cody Hodgson wins face-off versus Nathan MacKinnon in Blues zone.
5:54 of 2nd period - Snap shot by Cody Hodgson.
5:54 of 2nd period - Deflect By Filip Forsberg.
5:54 of 2nd period - Shot Misses the Net.
5:54 of 2nd period - Puck is out of play.
5:55 of 2nd period - Cody Hodgson wins face-off versus Nathan MacKinnon in Blues zone.
6:18 of 2nd period - Snap shot by Nathan MacKinnon.
6:18 of 2nd period - Shot Blocked by Cody Hodgson.
7:01 of 2nd period - Snap shot by Nicolas Aube-Kubel.
7:01 of 2nd period - Shot Misses the Net.
7:03 of 2nd period - Snap shot by Cody Hodgson.
7:03 of 2nd period - Shot Blocked by Josh Morrissey.
7:09 of 2nd period - Snap shot by Blake Pietila.
7:09 of 2nd period - Shot Blocked by Brandon Montour.
7:11 of 2nd period - Snap shot by Nicolas Aube-Kubel.
7:11 of 2nd period - Stopped by Jake Oettinger with a rebound.
7:13 of 2nd period - Slapshot by Shea Theodore.
7:13 of 2nd period - Stopped by Jake Oettinger with a rebound.
7:15 of 2nd period - Snap shot by Mike Green.
7:15 of 2nd period - Stopped by Jake Oettinger without a rebound.
7:16 of 2nd period - Devin Shore wins face-off versus Nicklas Backstrom in Blues zone.
8:16 of 2nd period - Phil Kessel is hit by Jordan Kyrou and loses puck.
8:27 of 2nd period - Snap shot by Teuvo Teravainen.
8:27 of 2nd period - Shot Misses the Net.
9:00 of 2nd period - Slapshot by Josh Morrissey.
9:00 of 2nd period - Shot Blocked by Patrick Kane.
9:22 of 2nd period - Wrist shot by David Perron.
9:22 of 2nd period - Shot Blocked by Mike Green.
10:08 of 2nd period - Cody Hodgson is hit by Jujhar Khaira and loses puck.
10:21 of 2nd period - Snap shot by Blake Pietila.
10:21 of 2nd period - Shot Misses the Net.
10:27 of 2nd period - Wrist shot by Phil Kessel.
10:27 of 2nd period - Shot Misses the Net.
10:39 of 2nd period - Colten Teubert is hit by Travis Sanheim and loses puck.
10:46 of 2nd period - Wrist shot by Dominik Simon.
10:46 of 2nd period - Stopped by Cory Schneider without a rebound.
10:47 of 2nd period - Nicklas Backstrom wins face-off versus Devin Shore in Capitals zone.
11:24 of 2nd period - Wrist shot by Nikolaj Ehlers.
11:24 of 2nd period - Shot Misses the Net.
11:36 of 2nd period - Slapshot by Alexei Marchenko.
11:36 of 2nd period - Shot Hit the Post.
11:38 of 2nd period - Snap shot by Jeff Skinner.
11:38 of 2nd period - Shot Blocked by Ethan Bear.
11:40 of 2nd period - Slapshot by Jeff Skinner.
11:40 of 2nd period - Goal by Jeff Skinner - Blues : 1 - Capitals : 2.
11:41 of 2nd period - Nicklas Backstrom wins face-off versus Nathan MacKinnon in neutral zone.
12:20 of 2nd period - Slapshot by Shea Theodore.
12:20 of 2nd period - Shot Misses the Net.
12:31 of 2nd period - Icing by Nick Schmaltz.
12:32 of 2nd period - Adam Henrique wins face-off versus Cody Hodgson in Blues zone.
12:47 of 2nd period - Cody Hodgson is hit by Brandon Montour and loses puck.
13:51 of 2nd period - Snap shot by Jeff Skinner.
13:51 of 2nd period - Stopped by Jake Oettinger without a rebound.
13:52 of 2nd period - Nathan MacKinnon wins face-off versus Nicklas Backstrom in Blues zone.
14:49 of 2nd period - Wrist shot by Cody Hodgson.
14:49 of 2nd period - Shot Blocked by David Perron.
14:51 of 2nd period - Snap shot by Blake Pietila.
14:51 of 2nd period - Stopped by Jake Oettinger without a rebound.
14:52 of 2nd period - Nicklas Backstrom wins face-off versus Nathan MacKinnon in Blues zone.
15:05 of 2nd period - Snap shot by Nathan MacKinnon.
15:05 of 2nd period - Stopped by Cory Schneider with a rebound.
15:07 of 2nd period - Wrist shot by Josh Morrissey.
15:07 of 2nd period - Deflect By Nathan MacKinnon.
15:07 of 2nd period - Shot Misses the Net.
15:07 of 2nd period - Puck is out of play.
15:08 of 2nd period - Devin Shore wins face-off versus Joe Colborne in Capitals zone.
15:11 of 2nd period - Slapshot by Devin Shore.
15:11 of 2nd period - Shot Blocked by Alexei Marchenko.
15:13 of 2nd period - Wrist shot by Jujhar Khaira.
15:13 of 2nd period - Stopped by Cory Schneider with a rebound.
15:15 of 2nd period - Wrist shot by Teuvo Teravainen.
15:15 of 2nd period - Stopped by Cory Schneider without a rebound.
15:16 of 2nd period - Joe Colborne wins face-off versus Devin Shore in Capitals zone.
15:23 of 2nd period - Cody Ceci is hit by Marko Dano and loses puck.
15:36 of 2nd period - Snap shot by Devin Shore.
15:36 of 2nd period - Shot Blocked by Alexei Marchenko.
15:38 of 2nd period - Snap shot by Teuvo Teravainen.
15:38 of 2nd period - Shot Misses the Net.
15:40 of 2nd period - Slapshot by Cody Ceci.
15:40 of 2nd period - Deflect By Jujhar Khaira.
15:40 of 2nd period - Goal by Jujhar Khaira - Blues : 2 - Capitals : 2.
15:41 of 2nd period - Nathan MacKinnon wins face-off versus Nicklas Backstrom in neutral zone.
15:46 of 2nd period - Wrist shot by Nathan MacKinnon.
15:46 of 2nd period - Shot Blocked by Patrick Kane.
16:04 of 2nd period - Minor Penalty to Nikolaj Ehlers for Slashing.
16:05 of 2nd period - Nicklas Backstrom wins face-off versus Drew Shore in Blues zone.
17:31 of 2nd period - Devin Shore is hit by Marko Dano and loses puck.
18:04 of 2nd period - Penalty to Nikolaj Ehlers is over, Nikolaj Ehlers is back on ice.
18:11 of 2nd period - Jujhar Khaira is hit by Brandon Gormley and loses puck.
18:34 of 2nd period - Slapshot by Joe Colborne.
18:34 of 2nd period - Shot Misses the Net.
19:17 of 2nd period - Jeff Skinner is hit by Nick Schmaltz and loses puck.
19:45 of 2nd period - Wrist shot by Nicolas Aube-Kubel.
19:45 of 2nd period - Shot Misses the Net.
Goals for this period are 2 for Blues vs 1 for Capitals.
Shots for this period are 8 for Blues vs 10 for Capitals.

3rd period


0:01 of 3rd period - Nicklas Backstrom wins face-off versus Nathan MacKinnon in neutral zone.
0:45 of 3rd period - Minor Penalty to Teuvo Teravainen for Tripping.
0:46 of 3rd period - Drew Shore wins face-off versus Nicklas Backstrom in Blues zone.
0:54 of 3rd period - Off-side.
0:55 of 3rd period - Nicklas Backstrom wins face-off versus Nick Schmaltz in neutral zone.
2:14 of 3rd period - Drew Shore is hit by Taylor Hall and loses puck.
2:25 of 3rd period - Bobby Ryan is hit by Devin Shore and loses puck.
2:43 of 3rd period - Icing by Mike Green.
2:44 of 3rd period - Nicklas Backstrom wins face-off versus Adam Henrique in Capitals zone.
2:45 of 3rd period - Penalty to Teuvo Teravainen is over, Teuvo Teravainen is back on ice.
3:53 of 3rd period - Wrist shot by Taylor Hall.
3:53 of 3rd period - Stopped by Jake Oettinger without a rebound.
3:54 of 3rd period - Nathan MacKinnon wins face-off versus Joe Colborne in Blues zone.
4:21 of 3rd period - Shea Theodore is hit by David Perron and loses puck.
4:30 of 3rd period - Taylor Hall is hit by Travis Sanheim and loses puck.
4:35 of 3rd period - Snap shot by Nick Schmaltz.
4:35 of 3rd period - Shot Misses the Net.
6:03 of 3rd period - Seth Jones is hit by Nicolas Aube-Kubel and loses puck.
6:38 of 3rd period - Backhand shot by Devin Shore.
6:38 of 3rd period - Stopped by Cory Schneider without a rebound.
6:39 of 3rd period - Nicklas Backstrom wins face-off versus Nathan MacKinnon in Capitals zone.
7:15 of 3rd period - Devin Shore is hit by Bobby Ryan.
7:57 of 3rd period - Nicklas Backstrom is hit by David Perron.
8:11 of 3rd period - Phil Kessel is hit by Filip Forsberg and loses puck.
8:18 of 3rd period - Nikolaj Ehlers is hit by Sergey Kalinin and loses puck.
8:29 of 3rd period - Snap shot by Teuvo Teravainen.
8:29 of 3rd period - Shot Blocked by Shea Theodore.
8:31 of 3rd period - Slapshot by Cody Ceci.
8:31 of 3rd period - Stopped by Cory Schneider with a rebound.
8:33 of 3rd period - Snap shot by Jujhar Khaira.
8:33 of 3rd period - Stopped by Cory Schneider with a rebound.
9:04 of 3rd period - Nicolas Aube-Kubel is hit by Drew Shore and loses puck.
9:47 of 3rd period - Mike Green is hit by Nick Schmaltz and loses puck.
10:02 of 3rd period - Jujhar Khaira is hit by Marko Dano and loses puck.
10:35 of 3rd period - Wrist shot by Jeff Skinner.
10:35 of 3rd period - Stopped by Jake Oettinger with a rebound.
10:51 of 3rd period - Filip Forsberg is hit by Bobby Ryan.
11:40 of 3rd period - Snap shot by Teuvo Teravainen.
11:40 of 3rd period - Stopped by Cory Schneider with a rebound.
11:46 of 3rd period - Josh Morrissey is hit by Colten Teubert and loses puck.
12:24 of 3rd period - David Perron is hit by Sergey Kalinin and loses puck.
12:34 of 3rd period - Icing by Travis Sanheim.
12:35 of 3rd period - Adam Henrique wins face-off versus Patrick Kane in Blues zone.
12:55 of 3rd period - Slapshot by Brandon Montour.
12:55 of 3rd period - Shot Misses the Net.
12:57 of 3rd period - Slapshot by Josh Morrissey.
12:57 of 3rd period - Deflect By Marko Dano.
12:57 of 3rd period - Stopped by Cory Schneider without a rebound.
12:58 of 3rd period - Bobby Ryan wins face-off versus Nathan MacKinnon in Capitals zone.
13:24 of 3rd period - Snap shot by Blake Pietila.
13:24 of 3rd period - Stopped by Jake Oettinger without a rebound.
13:25 of 3rd period - Devin Shore wins face-off versus Cody Hodgson in Blues zone.
13:32 of 3rd period - Slapshot by Travis Sanheim.
13:32 of 3rd period - Deflect By Cody Hodgson.
13:32 of 3rd period - Stopped by Cory Schneider without a rebound.
13:33 of 3rd period - Devin Shore wins face-off versus Nicklas Backstrom in Capitals zone.
13:48 of 3rd period - Wrist shot by Taylor Hall.
13:48 of 3rd period - Shot Misses the Net.
13:50 of 3rd period - Wrist shot by Taylor Hall.
13:50 of 3rd period - Shot Blocked by Devin Shore.
14:20 of 3rd period - Icing by Ethan Bear.
14:21 of 3rd period - Nathan MacKinnon wins face-off versus Joe Colborne in Blues zone.
14:38 of 3rd period - Snap shot by Nathan MacKinnon.
14:38 of 3rd period - Stopped by Cory Schneider without a rebound.
14:39 of 3rd period - Adam Henrique wins face-off versus Nicklas Backstrom in Capitals zone.
15:06 of 3rd period - Brandon Gormley is hit by Nathan MacKinnon and loses puck.
15:39 of 3rd period - Slapshot by Shea Theodore.
15:39 of 3rd period - Deflect By Jujhar Khaira.
15:39 of 3rd period - Stopped by Jake Oettinger without a rebound.
15:40 of 3rd period - Nathan MacKinnon wins face-off versus Nicklas Backstrom in Blues zone.
15:45 of 3rd period - Slapshot by Patrick Kane.
15:45 of 3rd period - Shot Misses the Net.
15:51 of 3rd period - Brandon Gormley is hit by Josh Morrissey and loses puck.
16:06 of 3rd period - Alexei Marchenko is hit by Josh Morrissey and loses puck.
17:25 of 3rd period - Off-side.
17:26 of 3rd period - Drew Shore wins face-off versus Joe Colborne in neutral zone.
17:33 of 3rd period - Snap shot by Jordan Kyrou.
17:33 of 3rd period - Shot Misses the Net.
17:55 of 3rd period - Snap shot by Nicolas Aube-Kubel.
17:55 of 3rd period - Stopped by Jake Oettinger with a rebound.
18:15 of 3rd period - Snap shot by Nathan MacKinnon.
18:15 of 3rd period - Shot Misses the Net.
19:35 of 3rd period - Wrist shot by Seth Jones.
19:35 of 3rd period - Shot Misses the Net.
19:37 of 3rd period - Snap shot by Jordan Kyrou.
19:37 of 3rd period - Shot Misses the Net.
19:39 of 3rd period - Slapshot by Seth Jones.
19:39 of 3rd period - Shot Blocked by Taylor Hall.
19:41 of 3rd period - Backhand shot by Cody Ceci.
19:41 of 3rd period - Shot Misses the Net.
19:43 of 3rd period - Snap shot by Drew Shore.
19:43 of 3rd period - Stopped by Cory Schneider without a rebound.
19:44 of 3rd period - Nicklas Backstrom wins face-off versus Nathan MacKinnon in Capitals zone.
19:57 of 3rd period - Wrist shot by Marko Dano.
19:57 of 3rd period - Stopped by Jake Oettinger with a rebound.
Goals for this period are 0 for Blues vs 0 for Capitals.
Shots for this period are 8 for Blues vs 6 for Capitals.

Overtime #1


0:01 of 1st overtime period - Nicklas Backstrom wins face-off versus Nathan MacKinnon in neutral zone.
0:08 of 1st overtime period - Wrist shot by Taylor Hall.
0:08 of 1st overtime period - Shot Misses the Net.
0:54 of 1st overtime period - Off-side.
0:55 of 1st overtime period - Devin Shore wins face-off versus Jeff Skinner in neutral zone.
1:01 of 1st overtime period - Snap shot by Devin Shore.
1:01 of 1st overtime period - Shot Hit the Post.
1:07 of 1st overtime period - Wrist shot by Seth Jones.
1:07 of 1st overtime period - Stopped by Cory Schneider without a rebound.
1:08 of 1st overtime period - Taylor Hall wins face-off versus Nathan MacKinnon in Capitals zone.
1:15 of 1st overtime period - Wrist shot by Patrick Kane.
1:15 of 1st overtime period - Shot Misses the Net.
1:17 of 1st overtime period - Slapshot by Brandon Gormley.
1:17 of 1st overtime period - Deflect By Patrick Kane.
1:17 of 1st overtime period - Goal by Patrick Kane - Blues : 2 - Capitals : 3.
Goals for this period are 0 for Blues vs 1 for Capitals.
Shots for this period are 1 for Blues vs 1 for Capitals.